 Dungeon Crawl Stone Soup version 0.30-a0-847-g17996783a1 (webtiles) character file.

Game seed: 2938725556092970763

1232 cforsyth the Covert (level 8, 0/51 HPs)
             Began as a Kobold Brigand on Mar 3, 2023.
             Slain by a gnoll sergeant
             ... wielding a +2 heavy trident
              (14 damage)
             ... on level 5 of the Dungeon.
             The game lasted 00:08:51 (5280 turns).

cforsyth the Covert (Kobold Brigand)                Turns: 5280, Time: 00:08:52

Health: 0/51       AC:  4    Str: 10    XL:     8   Next: 77%
Magic:  8/8        EV: 19    Int: 13    God:
Gold:   281        SH:  8    Dex: 24    Spells: 7/7 levels left

rFire   . . .      SeeInvis .    k - +2 falchion of Courage {flame, rElec Str+2 Dex+3}
rCold   . . .      Faith    .    f - +2 buckler of Living Life {Regen+ rCorr Dex+3}
rNeg    . . .      Spirit   .    b - +0 robe
rPois   .          Reflect  .    (no helmet)
rElec   +          Rampage  .    c - +1 cloak
rCorr   +                        (no gloves)
Will    +....                    (no boots)
Stlth   ++++++                   o - amulet of regeneration
HPRegen 1.88/turn                i - ring of willpower
MPRegen 0.11/turn                v - +4 ring of slaying

@: no status effects
A: small, no large weapons, nightstalker 3
a: no special abilities


You were on level 5 of the Dungeon.
You visited 1 branch of the dungeon, and saw 5 of its levels.
You also visited: Sewer.

You collected 281 gold pieces.

Inventory:

Hand Weapons
 a - a +2 heavy dagger
 k - the +2 falchion of Courage (weapon) {flame, rElec Str+2 Dex+3}
   (You found it on level 2 of the Dungeon)

   Str:       It affects your strength (+2).
   Dex:       It affects your dexterity (+3).
   rElec:     It insulates you from electricity.
Missiles
 d - 17 poisoned darts (quivered)
 e - 3 curare-tipped darts
 t - 2 throwing nets
Armour
 b - a +0 robe (worn)
 c - a +1 cloak (worn)
 f - the +2 buckler of Living Life (worn) {Regen+ rCorr Dex+3}
   (You acquired it on level 2 of the Dungeon)

   Dex:       It affects your dexterity (+3).
   Regen:     It increases your rate of health regeneration.
   rCorr:     It protects you from acid and corrosion.
 h - a +0 helmet
Jewellery
 i - a ring of willpower (left hand)
 j - an amulet of faith
 n - a ring of protection from fire
 o - an amulet of regeneration (around neck)
 q - a +4 ring of protection
 v - a +4 ring of slaying (right hand)
Wands
 w - a wand of flame (11)
Scrolls
 p - 3 scrolls of teleportation
 y - a scroll of summoning {unknown}
 z - a scroll of enchant armour
 B - a scroll of immolation {unknown}
 D - 3 scrolls of amnesia {unknown}
 E - a scroll of fog {unknown}
 H - a scroll of vulnerability {unknown}
 I - a scroll of identify
Potions
 g - 3 potions of flight
 l - a potion of resistance
 m - a potion of might {unknown}
 r - a potion of ambrosia {unknown}
 s - 4 potions of curing
 u - 5 potions of heal wounds
 x - a potion of attraction {unknown}
 A - a potion of haste {unknown}
 C - a potion of magic {unknown}
 F - a potion of mutation {unknown}
 G - a potion of brilliance {unknown}


   Skills:
 + Level 6.1 Fighting
 - Level 3.4 Short Blades
 - Level 2.1 Throwing
 + Level 6.3 Dodging
 + Level 9.2 Stealth
 + Level 2.6 Shields


You had 7 spell levels left.
You didn't know any spells.
Your spell library contained the following spells:

 Spells                   Type           Power      Damage    Failure   Level
 Cigotuvi's Dreadful Rot  Necr/Pois/Air  0%         N/A       56%         2
 Poisonous Vapours        Pois/Air       0%         N/A       56%         2
 Mephitic Cloud           Conj/Pois/Air  0%         N/A       80%         3


Dungeon Overview and Level Annotations

Branches:
Dungeon (5/15)              Sewer (visited)
 Temple: D:4-7

Altars:
Cheibriados
Uskayaw

Shops:
D:2 *   D:5 =


Innate Abilities, Weirdness & Mutations

You are small and have problems with some larger weapons.
You are completely attuned to the shadows.


Message History

An orc is nearby!
An orc is nearby!
An orc is nearby!
An orc is nearby!
You block the orc's attack.
You slash the orc! You burn the orc.
You kill the orc!
No target in view!
No target in view!
No target in view!
No target in view!
No target in view!
I - a scroll of identify
Things that are here:
a +1 vampiric whip; a +0 scale mail; an orc corpse A gnoll sergeant is nearby!
The gnoll sergeant shouts!
The gnoll shouts!
The gnoll sergeant hits you from afar with a +2 heavy trident!!
The gnoll completely misses you.
You barely miss the gnoll sergeant.
The gnoll sergeant hits you with a +2 heavy trident.
The gnoll closely misses you.
You slash the gnoll sergeant! You burn the gnoll sergeant.
The gnoll sergeant is moderately wounded.
The gnoll sergeant hits you with a +2 heavy trident!!
* * * LOW HITPOINT WARNING * * *
The gnoll closely misses you.
You are too injured to fight recklessly!
You are too injured to fight recklessly!
You are too injured to fight recklessly!
You are too injured to fight recklessly!
You are too injured to fight recklessly!
You are too injured to fight recklessly!
You are too injured to fight recklessly!
You are too injured to fight recklessly!
You hit the gnoll sergeant. You burn the gnoll sergeant.
The gnoll sergeant is heavily wounded.
The gnoll completely misses you.
The gnoll sergeant hits you with a +2 heavy trident!
You die...

#..................######..##.
#...........###.#.....##...###
#...............#.###.#..#.#
##.........###....# #.#.##.###
##...#...#####.#.###.....)...
###...#...........#.#####...
#...#.....................
#....#.g...........####...
#....#...@................
##...##[g).).....##.......
#.[.......<..............
#...#.#.............###..
#...#.###...........# #.#
#...#...#..........>###.#
oo.####.##...........##O#
#.##.............<.
#.####.#######.....


You could see a gnoll sergeant and a gnoll.

Vanquished Creatures
  2 ogres (D:5)
  A centaur (D:5)
  2 phantoms (D:4)
  2 bullfrogs (Sewer)
  A howler monkey (D:5)
  4 orc priests
  A hound (D:5)
  2 iguanas
  2 orc wizards
  Robin (D:2)
  12 gnolls
  10 adders
  4 river rats (Sewer)
  4 dart slugs
  15 orcs
  9 endoplasms
  6 giant cockroaches
  8 goblins
  16 hobgoblins
  9 jackals
  5 quokkas
  16 ball pythons
  2 bats
  5 frilled lizards
  6 kobolds
  22 rats
167 creatures vanquished.

Notes
Turn   | Place    | Note
-------+----------+-------------------------------------------
     0 | D:1      | cforsyth the Kobold Brigand began the quest for the Orb.
     0 | D:1      | Reached XP level 1. HP: 12/12 MP: 1/1
   126 | D:1      | Reached XP level 2. HP: 16/18 MP: 2/2
   519 | D:1      | Reached XP level 3. HP: 22/22 MP: 3/3
  1013 | D:2      | Identified the +2 falchion of Courage {flame, rElec Str+2
                  | Dex+3}
  1138 | D:2      | Found Xusa's General Store.
  1424 | D:2      | Reached XP level 4. HP: 27/27 MP: 4/4
  2066 | D:3      | Reached skill level 6 in Stealth
  2277 | D:3      | Noticed Robin
  2580 | D:2      | Killed Robin
  2581 | D:2      | Reached XP level 5. HP: 26/32 MP: 5/5
  3063 | D:3      | Noticed a +0 spear
  3063 | D:3      | Noticed a +0 spear
  3063 | D:3      | Noticed a +0 short sword
  3064 | D:3      | Noticed a +0 falchion
  3064 | D:3      | Noticed a +0 short sword
  3068 | D:3      | Noticed a +0 dagger
  3070 | D:3      | Noticed a +0 falchion
  3071 | D:3      | Noticed a +0 dagger
  3132 | D:3      | Found a hide-covered altar of Uskayaw.
  3334 | D:2      | Identified a scroll of acquirement
  3334 | D:2      | Acquired the +2 buckler of Living Life {Regen+ rCorr Dex+3}
  3358 | D:4      | Noticed a phantom
  3368 | D:3      | Reached XP level 6. HP: 34/38 MP: 6/6
  3495 | D:4      | Reached skill level 7 in Stealth
  3528 | D:4      | Reached XP level 7. HP: 39/44 MP: 7/7
  3635 | D:4      | Found a glowing drain.
  3639 | Sewer    | Entered a sewer
  3828 | Sewer    | Reached skill level 5 in Dodging
  3828 | Sewer    | Reached skill level 1 in Shields
  3835 | Sewer    | Reached skill level 5 in Fighting
  3835 | Sewer    | Reached skill level 8 in Stealth
  4521 | D:5      | Entered Level 5 of the Dungeon
  4606 | D:5      | Reached XP level 8. HP: 49/49 MP: 8/8
  4886 | D:5      | Found a snail-covered altar of Cheibriados.
  4986 | D:5      | Reached skill level 9 in Stealth
  5186 | D:5      | Found Zeit's Jewellery Boutique.
  5280 | D:5      | Slain by a gnoll sergeant

Illustrated notes

Levels and vault maps discovered:
D:1:      minmay_arrival_semitransparent, layout_basic
D:2:      layout_basic, serial_shops, nicolae_shop_hallway_plus
D:3:      layout_loops_ring, nicolae_uskayaw_en_pointe, grunt_ministairs_1,
          uniq_robin
D:4:      layout_layer_cave, portal_sewer_entry_e, grunt_ministairs_13
D:5:      layout_rooms, mainiacjoe_overflow_tiny_flanked, serial_shops,
          nicolae_shop_behind_doors

Skill      XL: |  1  2  3  4  5  6  7  8 |
---------------+-------------------------+-----
Short Blades   | 3 |  3.4
Dodging        | 2 3 4 5 6 |  6.3
Fighting       | 3 4 5 6 |  6.1
Stealth        | 6 7 8 9 |  9.2
Shields        | 1 2 |  2.6
Throwing       | |  2.1

Action                     |  1- 3 |  4- 6 |  7- 9 || total
---------------------------+-------+-------+-------++-------
  Melee: Dagger            |    91 |       |       ||    91
         Punch             |     2 |       |       ||     2
         Falchion          |     9 |   125 |   144 ||   278
    Use: Scroll            |       |     6 |     3 ||     9
   Stab: Sleeping          |    19 |    15 |    24 ||    58
         Distracted        |     1 |       |     1 ||     2
 Armour: Robe              |    17 |    15 |    20 ||    52
  Dodge: Dodged            |    79 |   128 |   160 ||   367
  Block: Buckler           |       |    12 |    68 ||    80

Table legend: (Time is in decaauts)
 A = Elapsed time spent in this place.
 B = Non-inter-level travel time spent in this place.
 C = Inter-level travel time spent in this place.
 D = Time resting spent in this place.
 E = Time spent auto-exploring this place.
 F = Levels seen in this place.
 G = Mean time per level.
                   A        B        C        D        E       F      G
               +--------+--------+--------+--------+--------+-----+--------+
         Total |   5424 |   5202 |    222 |    670 |   3192 |   6 |  904.0 |
       Dungeon |   4993 |   4771 |    222 |    670 |   2989 |   5 |  998.6 |
         Sewer |    430 |    430 |      0 |      0 |    202 |   1 |  430.0 |
               +--------+--------+--------+--------+--------+-----+--------+

Top non-repeatable levels by time:
     D:2: 1393 daAuts
     D:4: 1112 daAuts
     D:3: 1105 daAuts
     D:1: 898 daAuts
     D:5: 484 daAuts
   Sewer: 430 daAuts
